 Dungeon Crawl Stone Soup version 0.18-a0-1312-gf98331d (webtiles) character file.

10434 glosham the Martial Artist (level 11, -8/72 HPs)
             Began as a Kobold Monk on Feb 13, 2016.
             Was a High Priest of Kikubaaqudgha.
             Killed by the air
             ... invoked by Gastronok
              (17 damage)
             ... on level 11 of the Dungeon on Feb 15, 2016.
             The game lasted 04:05:26 (11088 turns).

glosham the Martial Artist (Kobold Monk)           Turns: 11088, Time: 04:05:26

Health: -8/72      AC: 20    Str: 10    XL:     11   Next: 92%
Magic:  20/20      EV: 17    Int: 18    God:    Kikubaaqudgha [*****.]
Gold:   294        SH:  0    Dex: 22    Spells: 6 memorised, 0 levels left

rFire  . . .     SeeInvis +       - Unarmed
rCold  + . .     Gourm    .     X - +6 ring mail of Supple Strength {Int+4 Dex+3 Slay+2}
rNeg   + . .     Faith    .     (shield restricted)
rPois  .         Spirit   .     U - +1 helmet
rElec  +         Dismiss  .     h - +2 cloak
rCorr  .         Reflect  .     V - +1 pair of gloves
SustAt .         Harm     .     W - +0 pair of boots "Teuz" {rElec rN+ SInv}
MR     .....                    (no amulet)
Stlth  ++........               B - ring of protection from cold
                                A - +3 ring of intelligence

@: very slightly contaminated, hasted and slowed, studying 2 skills, not
resistant to hostile enchantments, unstealthy
A: carnivore 3
a: Receive Corpses, Torment, Renounce Religion


You were on level 11 of the Dungeon.
You worshipped Kikubaaqudgha.
Kikubaaqudgha was extremely pleased with you.
You were completely stuffed.

You visited 1 branch of the dungeon, and saw 11 of its levels.
You also visited: Sewer and Bailey.

You collected 616 gold pieces.
You spent 322 gold pieces at shops.

Inventory:

Hand Weapons
 b - a +2 falchion of electrocution
 c - a +1 blowgun
 d - a +2 hunting sling of evasion
 e - a +2 hunting sling of freezing
 f - a +2 mace of venom
 t - a +0 arbalest
Missiles
 p - 40 poisoned needles
 q - a throwing net (quivered)
 w - 34 sling bullets
 M - 294 stones
 N - 9 poisoned sling bullets
Armour
 h - a +2 cloak (worn)
 T - a +2 robe of the Archmagi
 U - a +1 helmet (worn)
 V - a +1 pair of gloves (worn)
 W - the +0 pair of boots "Teuz" (worn) {rElec rN+ SInv}
   (You bought it in a shop on level 7 of the Dungeon)

   It insulates you from electricity.
   It protects you from negative energy.
   It lets you see invisible.
 X - the +6 ring mail of Supple Strength (worn) {Int+4 Dex+3 Slay+2}
   (You found it on level 7 of the Dungeon)

   It affects your intelligence (+4).
   It affects your dexterity (+3).
   It affects your accuracy and damage with ranged weapons and melee attacks
   (+2).
Magical Staves
 P - an uncursed staff of fire
Jewellery
 A - a +3 ring of intelligence (left hand)
 B - a ring of protection from cold (right hand)
 S - an uncursed ring of sustain attributes
Wands
 g - a wand of lightning (6/15)
 Z - a wand of paralysis (11/24)
Scrolls
 o - 3 scrolls of remove curse
 r - 2 scrolls of fog
 y - a scroll of teleportation
 G - 2 scrolls of enchant weapon
 I - 2 scrolls of immolation
 J - 2 scrolls of blinking
 Q - a scroll of fear
Potions
 i - 10 potions of curing
 k - a potion of magic
 n - 3 potions of brilliance
 v - 3 potions of agility
 F - a potion of cancellation
 L - a potion of lignification
 O - a potion of flight
 Y - a potion of invisibility
Books
 j - a manual of
Armour
 m - a manual of Fighting
Comestibles
 a - 11 meat rations
 s - 2 chunks of flesh
 u - 3 royal jellies


   Skills:
 * Level 9.6 Fighting
 * Level 4.6 Armour
 - Level 5.6 Dodging
 - Level 2.6 Stealth
 - Level 10.1 Unarmed Combat
 - Level 6.3 Spellcasting
 - Level 10.0 Necromancy


You couldn't memorise any spells.
You knew the following spells:

 Your Spells              Type           Power        Failure   Level  Hunger
c - Cigotuvi's Embrace    Necr           #####.....   14%         5    #####..
m - Sublimation of Blood  Necr           #####.....   1%          2    None
r - Regeneration          Chrm/Necr      ###.......   12%         3    ##.....
u - Dispel Undead         Necr           #####...     14%         5    #####..
y - Agony                 Necr           #####...     14%         5    #####..
R - Corpse Rot            Necr           N/A          1%          2    None


Dungeon Overview and Level Annotations

Branches:
Dungeon (11/15)            Temple (0/1) D:5            Lair (0/8) D:11
    Orc: D:9-12

Altars:
Ashenzari
Fedhas
Kikubaaqudgha
Nemelex Xobeh
Pakellas
Qazlal
Sif Muna
Vehumet

Shops:
D:6 }   D:7 :([(   D:10 (

Annotations:
D:11 exclusion: cyclops, Gastronok, Snorg


Innate Abilities, Weirdness & Mutations

You are small and have problems with some larger weapons.
You are carnivorous and can eat meat at any time.


Message History

Press: ? - help, Shift-Dir - straight line, f/p - Gastronok
Aim: Gastronok, wearing a hat (moderately wounded, poisoned)
You shoot a poisoned sling bullet.
The poisoned sling bullet hits Gastronok!
Gastronok is heavily wounded.
Gastronok mumbles some strange words.
Gastronok seems to move somewhat quicker.
Firing (i - inventory. (,) - cycle):
N - 10 poisoned sling bullets (quivered)
Press: ? - help, Shift-Dir - straight line, f/p - Gastronok
Aim: Gastronok, wearing a hat (heavily wounded, poisoned, covering ground quickly)
You shoot a poisoned sling bullet.
The poisoned sling bullet hits Gastronok!
Gastronok is heavily wounded.
You feel like more of a target.
You are now empty-handed.
Gastronok waves his eye-stalks in wide circles.
The air twists around and strikes you!
Drink which item? (? for menu, Esc to quit)
Okay, then.
You punch Gastronok!
Gastronok is severely wounded.
You offer a prayer to Kikubaaqudgha.
Kikubaaqudgha is extremely pleased with you.
Unknown command.
Drink which item? (? for menu, Esc to quit)
You feel yourself speed up. Gastronok closely misses you.
You are very lightly contaminated with residual magic.
Your ring mail of Supple Strength prevents you from hitting Gastronok.
Gastronok is severely wounded.
You punch Gastronok!
Gastronok is almost dead.
Gastronok bites you!!
* * * LOW HITPOINT WARNING * * *
You hit Gastronok.
Gastronok is almost dead.
You hit Gastronok. You punch Gastronok!
Gastronok is almost dead.
Gastronok waves his eye-stalks in wide circles.
The air twists around and strikes you!
You die...
Kikubaaqudgha rasps: "You have failed me!
Welcome... death!"

###################
..................#
.............###.#
##...#.........#
#.(###(w@..........#
...(((..####.......#
'########..#.......#
#..#.......#
#..#..##...#
#..#.......#
#..##'#....#
#.....#.##.#
#.....#.##.#


You could see Gastronok.

Vanquished Creatures
  An unseen horror (D:10)
  A hill giant (D:10)
  A cyclops (D:10)
  Maurice (D:9)
  Psyche (D:9)
  A merfolk (D:11)
  Prince Ribbit (D:6)
  9 yaks
  Eustachio (D:4)
  2 wyverns (D:8)
  A hippogriff (D:9)
  A human (D:11)
  A water moccasin (D:9)
  10 orc warriors (Bailey)
  A wasp (D:9)
  4 black bears
  4 ogres
  10 centaurs
  8 big kobolds
  10 giant frogs
  2 scorpions
  7 wights
  6 crimson imps
  A giant frog zombie (D:5)
  A jelly (D:5)
  16 orc wizards
  5 orc priests
  A centaur skeleton (D:5)
  5 hounds
  A gnoll shaman (D:6)
  A giant frog skeleton (D:6)
  5 worker ants
  2 iguanas
  3 hound skeletons
  5 gnolls (D:5)
  2 worker ant zombies
  15 adders
  4 river rats
  2 shadow imps
  8 oozes
  3 adder zombies
  7 worms
  4 giant geckos
  56 orcs
  10 bats
  8 giant cockroaches
  3 goblins
  6 hobgoblins
  12 jackals
  14 kobolds
  2 quokkas
  6 ball pythons
  2 giant gecko skeletons
  4 giant newts
  A jackal zombie (D:6)
  2 quokka skeletons
  A quokka zombie (D:7)
  15 rats
317 creatures vanquished.

Vanquished Creatures (others)
  A shadow imp (D:11)
1 creature vanquished.

Grand Total: 318 creatures vanquished

Notes
Turn   | Place    | Note
--------------------------------------------------------------
     0 | D:1      | glosham the Kobold Monk began the quest for the Orb.
     0 | D:1      | Reached XP level 1. HP: 14/14 MP: 1/1
    93 | D:1      | Reached XP level 2. HP: 17/19 MP: 2/2
   190 | D:2      | Reached XP level 3. HP: 15/23 MP: 3/3
   240 | D:3      | Reached skill level 5 in Unarmed Combat
   267 | D:3      | HP: 2/23 [poisoned by an adder]
   383 | D:1      | HP: 2/23 [bat (1)]
   520 | D:1      | Reached XP level 4. HP: 4/28 MP: 4/4
   919 | D:4      | Reached skill level 6 in Unarmed Combat
   919 | D:4      | Reached XP level 5. HP: 4/32 MP: 5/5
  1307 | D:2      | Found an ancient bone altar of Kikubaaqudgha.
  1311 | D:2      | Became a worshipper of Kikubaaqudgha
  1311 | D:2      | Reached * piety under Kikubaaqudgha
  1311 | D:2      | Received a gift from Kikubaaqudgha
  1311 | D:2      | Reached ** piety under Kikubaaqudgha
  1312 | D:2      | Identified Kikubaaqudgha's Handbook of Dark Magic (Kikubaaqudgha gifted it to you on level 2 of the Dungeon)
  1317 | D:2      | Learned a level 3 spell: Regeneration
  1396 | D:2      | Found a blossoming altar of Fedhas.
  1577 | D:2      | Reached skill level 1 in Necromancy
  2090 | D:3      | Found a sparkling altar of Nemelex Xobeh.
  2335 | D:3      | Reached skill level 2 in Necromancy
  2422 | D:3      | You fall through a shaft!
  2440 | D:4      | Reached XP level 6. HP: 15/37 MP: 6/6
  2450 | D:4      | Reached skill level 3 in Necromancy
  3069 | D:3      | Found a shattered altar of Ashenzari.
  3175 | D:4      | Noticed Eustachio
  3329 | D:4      | Noticed an ogre
  3345 | D:4      | Reached skill level 4 in Necromancy
  3354 | D:4      | Killed an ogre
  3354 | D:4      | Reached XP level 7. HP: 19/41 MP: 7/7
  3544 | D:4      | Killed Eustachio
  3544 | D:4      | Reached skill level 5 in Necromancy
  3563 | D:4      | Learned a level 2 spell: Sublimation of Blood
  3608 | D:5      | Entered Level 5 of the Dungeon
  3608 | D:5      | Found a staircase to the Ecumenical Temple.
  3734 | D:5      | Found a glowing drain.
  3802 | Sewer    | Entered a sewer
  3869 | Sewer    | Reached skill level 6 in Necromancy
  3905 | Sewer    | Reached XP level 8. HP: 28/46 MP: 5/8
  4136 | Sewer    | Reached skill level 7 in Unarmed Combat
  4224 | Sewer    | Reached *** piety under Kikubaaqudgha
  4224 | Sewer    | Received a gift from Kikubaaqudgha
  4225 | Sewer    | Identified Kikubaaqudgha's Tome of Unholy Rites (Kikubaaqudgha gifted it to you in a sewer)
  4342 | Sewer    | Reached skill level 1 in Spellcasting
  4591 | Sewer    | Learned a level 5 spell: Dispel Undead
  4725 | D:5      | Reached skill level 2 in Spellcasting
  4725 | D:5      | Reached skill level 7 in Necromancy
  4949 | D:5      | Reached XP level 9. HP: 41/51 MP: 11/13
  4985 | D:5      | Reached skill level 3 in Spellcasting
  5341 | D:5      | Learned a level 5 spell: Agony
  5402 | D:6      | Upgraded the game from 0.18-a0-1311-g779ca93 to 0.18-a0-1312-gf98331d
  5545 | D:6      | Noticed Prince Ribbit
  5568 | D:6      | Reached skill level 4 in Spellcasting
  5637 | D:6      | Killed Prince Ribbit
  5637 | D:6      | Reached skill level 8 in Necromancy
  5773 | D:6      | Found Dimamnie's Gadget Boutique.
  5915 | D:6      | Reached **** piety under Kikubaaqudgha
  5948 | D:6      | Got a smoking ring mail
  6019 | D:6      | Reached skill level 5 in Spellcasting
  6151 | D:6      | Found a stormy altar of Qazlal.
  6232 | D:6      | Found an oddly glowing altar of Pakellas.
  6245 | D:6      | Identified the +3 ring mail of Siel {Dex+8} (You found it on level 6 of the Dungeon)
  6420 | D:7      | Got a pitted ring mail
  6431 | D:7      | Identified the +6 ring mail of Supple Strength {Int+4 Dex+3 Slay+2} (You found it on level 7 of the Dungeon)
  6487 | D:7      | Found Mushre's Armour Emporium.
  6727 | D:7      | Found Vontoo's Antique Weapon Shop.
  6766 | D:7      | Found a radiant altar of Vehumet.
  6779 | D:7      | Found Ruhor's Book Boutique.
  6795 | D:7      | Reached skill level 1 in Armour
  6986 | D:7      | Found Wyzu's Antique Weapon Shop.
  7028 | D:7      | Reached skill level 2 in Armour
  7061 | D:7      | Reached skill level 9 in Necromancy
  7061 | D:7      | Reached XP level 10. HP: 56/56 MP: 5/18
  7213 | D:8      | Found a deep blue altar of Sif Muna.
  7241 | D:8      | Identified Sif Muna's Guide on Ice
  7522 | D:8      | Reached skill level 6 in Spellcasting
  7576 | D:8      | Reached skill level 10 in Necromancy
  7684 | D:7      | Bought the +0 pair of boots "Teuz" {rElec rN+ SInv} for 322 gold pieces
  7701 | D:7      | Learned a level 5 spell: Cigotuvi's Embrace
  8038 | D:9      | Noticed Maurice
  8073 | D:9      | Killed Maurice
  8073 | D:9      | Reached skill level 4 in Fighting
  8073 | D:9      | Reached skill level 8 in Unarmed Combat
  8137 | D:9      | Noticed Psyche
  8150 | D:9      | Killed Psyche
  8323 | D:9      | Reached skill level 5 in Fighting
  8718 | D:10     | Entered Level 10 of the Dungeon
  8750 | D:10     | Found a flagged portal.
  8804 | D:10     | Noticed a cyclops
  8816 | D:10     | Killed a cyclops
  8816 | D:10     | Reached skill level 6 in Fighting
  8816 | D:10     | Reached skill level 9 in Unarmed Combat
  8816 | D:10     | Reached XP level 11. HP: 46/64 MP: 7/20
  8909 | D:10     | Reached skill level 7 in Fighting
  8934 | D:10     | Noticed an unseen horror
  8951 | D:10     | Found Tanuat's Antique Weapon Shoppe.
  9032 | D:10     | Killed an unseen horror
  9051 | D:10     | Reached ***** piety under Kikubaaqudgha
  9123 | D:10     | Learned a level 2 spell: Corpse Rot
  9135 | Bailey   | Entered a bailey
  9184 | Bailey   | Reached skill level 10 in Unarmed Combat
  9297 | Bailey   | Reached skill level 8 in Fighting
  9546 | Bailey   | Reached skill level 4 in Dodging
  9688 | Bailey   | Reached skill level 5 in Dodging
  9964 | D:10     | Noticed a hill giant
 10495 | D:10     | Killed a hill giant
 10495 | D:10     | Reached skill level 3 in Armour
 10720 | D:11     | Found a staircase to the Lair.
 10757 | D:11     | Noticed Snorg
 10793 | D:11     | Noticed a cyclops
 10868 | D:11     | Reached skill level 9 in Fighting
 10868 | D:11     | Reached skill level 4 in Armour
 11068 | D:11     | Noticed Gastronok
 11088 | D:11     | Killed from afar by Gastronok

Vault maps used:
D:1:      onia_arrival_larder, moated_statue
D:2:      fedhas_altar_1, marbit_many_paths
D:3:      lemuel_upstairs_altar, nicolae_overflow_hidden_temple
D:4:      first_bread, uniq_eustachio
D:5:      minmay_temple_entry_statues_fountains, portal_sewer_entry_e
D:6:      lemuel_crystal_altar, serial_shops, shop, grunt_pakellas_basics,
          uniq_prince_ribbit1
D:7:      kennysheep_mini, serial_shops, shop, shop, shop, shop,
          minmay_misc_feat_five
D:8:      led_sif_book
D:9:      uniq_psyche, uniq_maurice
D:10:     enter_bailey_2, serial_shops, shop
D:11:     lair_0_dummy, enter_trove_2, hangedman_stone_soup, wad_woods_river_04,
          uniq_gastronok, uniq_snorg, uniq_erolcha
Sewer:    sewer_co_tree
Bailey:   bailey_polearm_flooded_kennysheep, bailey

Action                   |  1- 3 |  4- 6 |  7- 9 | 10-12 || total
-------------------------+-------+-------+-------+-------++-------
Melee: Unarmed           |    69 |   189 |   546 |   517 ||  1321
       Falchion          |       |       |     8 |       ||     8
 Fire: Hunting sling     |       |     2 |       |    27 ||    29
       Blowgun           |       |       |    20 |    55 ||    75
 Cast: Regeneration      |       |       |    44 |    42 ||    86
       Sublimation of Bl |       |       |    16 |     8 ||    24
       Dispel Undead     |       |       |    10 |       ||    10
       Agony             |       |       |     8 |    27 ||    35
       Cigotuvi's Embrac |       |       |       |    11 ||    11
Evoke: Wand              |       |       |     1 |       ||     1
  Use: Scroll            |     1 |     9 |    10 |     7 ||    27
       Potion            |       |       |     2 |     6 ||     8
 Stab: Sleeping          |     8 |     6 |     3 |    11 ||    28
       Distracted        |       |     2 |     1 |     2 ||     5
       Invisible         |       |       |       |     8 ||     8
  Eat: Chunk             |     7 |     9 |    27 |    32 ||    75

Table legend:
 A = Turns spent in this place as a percentage of turns spent in the entire game.
 B = Non-inter-level travel turns spent in this place as a percentage of non-inter-level travel turns spent in the entire game.
 C = Inter-level travel turns spent in this place as a percentage of turns spent in this place.
 D = Turns resting spent in this place as a percentage of non-inter-level travel turns spent in this place.
 E = Turns spent auto-exploring this place as a percentage of non-inter-level travel turns spent in this place.
 F = Non-inter-level travel turns spent in this place divided by the number of levels of this place that you've seen.
                   A       B       C       D       E      F
               +-------+-------+-------+-------+-------+----------------------
         Total | 100.0 | 100.0 |   0.6 |   0.5 |   0.3 | 622.7
       Dungeon |  82.4 |  82.3 |   0.7 |   0.5 |   0.4 | 605.5
         Sewer |   9.2 |   9.2 |   0.0 |   0.5 |   0.0 | 746.0
        Bailey |   8.5 |   8.5 |   0.0 |   0.3 |   0.0 | 689.0
               +-------+-------+-------+-------+-------+----------------------

Table legend:
 A = Kills in this place as a percentage of kills in entire the game.
 B = Kills by you in this place as a percentage of kills by you in the entire game.
 C = Kills by friends in this place as a percentage of kills by friends in the entire game.
 D = Other kills in this place as a percentage of other kills in the entire game.
 E = Experience gained in this place as a percentage of experience gained in the entire game.
 F = Experience gained in this place divided by the number of levels of this place that you have seen.
                   A       B       C       D       E      F
               +-------+-------+-------+-------+-------+----------------------
         Total | 100.0 | 100.0 |  -nan |  -nan | 100.0 | 1146.7
       Dungeon |  78.9 |  78.9 |  -nan |  -nan |  79.1 | 1071.3
         Sewer |   8.8 |   8.8 |  -nan |  -nan |   5.6 | 828.0
        Bailey |  12.3 |  12.3 |  -nan |  -nan |  15.4 | 2295.0
               +-------+-------+-------+-------+-------+----------------------

Vault maps used:
D:1:      onia_arrival_larder, moated_statue
D:2:      fedhas_altar_1, marbit_many_paths
D:3:      lemuel_upstairs_altar, nicolae_overflow_hidden_temple
D:4:      first_bread, uniq_eustachio
D:5:      minmay_temple_entry_statues_fountains, portal_sewer_entry_e
D:6:      lemuel_crystal_altar, serial_shops, shop, grunt_pakellas_basics,
          uniq_prince_ribbit1
D:7:      kennysheep_mini, serial_shops, shop, shop, shop, shop,
          minmay_misc_feat_five
D:8:      led_sif_book
D:9:      uniq_psyche, uniq_maurice
D:10:     enter_bailey_2, serial_shops, shop
D:11:     lair_0_dummy, enter_trove_2, hangedman_stone_soup, wad_woods_river_04,
          uniq_gastronok, uniq_snorg, uniq_erolcha
Sewer:    sewer_co_tree
Bailey:   bailey_polearm_flooded_kennysheep, bailey
